 Dungeon Crawl Stone Soup version 0.22-a0-799-g88f5e90 (webtiles) character file.

46 iamserjio the Ducker (level 3, 0/19 HPs)
             Began as a Spriggan Monk on July 21, 2018.
             Slain by a human zombie (1 damage)
             ... on level 3 of the Dungeon.
             The game lasted 00:03:42 (578 turns).

iamserjio the Ducker (Spriggan Monk)                 Turns: 578, Time: 00:03:43

Health: 0/19       AC:  2    Str:  7    XL:     3   Next: 46%
Magic:  4/4        EV: 21    Int: 12    God:
Gold:   18         SH:  0    Dex: 18    Spells: 2/2 levels left

rFire    . . .     SeeInvis +   a - +0 short sword
rCold    . . .     Gourm    .   (shield restricted)
rNeg     . . .     Faith    .   b - +0 robe
rPois    .         Spirit   .   (helmet restricted)
rElec    .         Reflect  .   (no cloak)
rCorr    .         Harm     .   (gloves unavailable)
MR       .....                  (boots unavailable)
Stlth    +++.......             (no amulet)
HPRegen  0.06/turn              (no ring)
MPRegen  0.09/turn              (no ring)

@: very quick
A: very small, unfitting armour, see invisible, herbivore, speed 3, slow
metabolism 2
a: no special abilities


You were on level 3 of the Dungeon.
You were not hungry.

You visited 1 branch of the dungeon, and saw 3 of its levels.

You collected 18 gold pieces.

Inventory:

Hand Weapons
 a - a +0 short sword (weapon)
Missiles
 f - 2 throwing nets (quivered) {!f}
 h - 4 poisoned needles
Armour
 b - a +0 robe (worn)
Scrolls
 d - 2 scrolls of identify {unknown}
 e - a scroll of remove curse {unknown}
 g - a scroll of noise {unknown}
 n - a scroll of teleportation {unknown}
Potions
 i - a potion of degeneration {unknown}
 j - a potion of lignification {unknown}
 k - a potion of invisibility {unknown}
 l - 3 potions of haste {unknown}
 m - 2 potions of heal wounds {unknown}
 o - a potion of agility {unknown}
Comestibles
 c - a ration


   Skills:
 - Level 2.4 Fighting
 + Level 3.7 Short Blades
 + Level 5.1 Dodging
 * Level 4.8 Stealth


You had 2 spell levels left.
You didn't know any spells.
Your spell library was empty.

Dungeon Overview and Level Annotations

Branches:
Dungeon (3/15)

Altars:
Nemelex Xobeh
Yredelemnul

Annotations:
D:2 Robin
D:3 1 runed door


Innate Abilities, Weirdness & Mutations

You are very small and have problems with some larger weapons.
You are too small for most types of armour.
You have supernaturally acute eyesight. (SInv)
You are a herbivore.
You cover ground extremely quickly.
You need to consume almost no food.


Message History

The human zombie is severely damaged.
The bat misses you. The human zombie barely misses you.
You hit the human zombie but do no damage.
The human zombie is severely damaged.
The bat barely misses you. The bat closely misses you.
You closely miss the bat. The bat barely misses you. The human zombie hits you!
* * * LOW HITPOINT WARNING * * *
You hit the human zombie.
The human zombie is severely damaged.
The bat barely misses you. The human zombie completely misses you.
The bat misses you.
You hit the bat.
The bat is heavily wounded.
The bat hits you but does no damage.
You hit the bat.
You kill the bat!
You barely miss the human zombie.
The human zombie is severely damaged.
The human zombie hits you.
You die...

... #. #._. ..#
#.#########. #...###.#
#...#....... .#####...#
#.....#####. .........#
#.[.>.#####. ..#+#....#
#........##. ..#p#....#
#.....##.##.
..###....#######.....##.##.
.......s.Z@........#.......
###########.#.......###.###
#.#.......###.#
#####.#............
#.....#......K###..
#.#####.......##### ##.##
#.......##..
#...####.......##.# #
###.....########.##.##.#


You could see a human zombie, a giant cockroach and a neutral human.

Vanquished Creatures
  An adder (D:3)
  3 dart slugs
  A leopard gecko (D:2)
  A giant cockroach (D:2)
  3 goblins (D:2)
  3 hobgoblins
  4 jackals (D:2)
  A quokka (D:2)
  6 bats
  A frilled lizard (D:2)
  3 kobolds
  A quokka skeleton (D:2)
  A rat (D:3)
29 creatures vanquished.

Notes
Turn   | Place    | Note
-------+----------+-------------------------------------------
     0 | D:1      | iamserjio the Spriggan Monk began the quest for the Orb.
     0 | D:1      | Reached XP level 1. HP: 11/11 MP: 2/2
   145 | D:2      | Reached XP level 2. HP: 12/16 MP: 3/3
   195 | D:2      | Found a sparkling altar of Nemelex Xobeh.
   232 | D:2      | Noticed Robin
   384 | D:3      | Reached XP level 3. HP: 5/19 MP: 4/4
   509 | D:3      | Reached skill level 5 in Dodging
   556 | D:3      | Found a runed door.
   556 | D:3      | Noticed a human
   557 | D:3      | Found a basalt altar of Yredelemnul.
   578 | D:3      | Slain by a human zombie

Vault maps used:
D:1:      dpeg_arrival_radiant
D:2:      nemelex_xobeh_ov_fountains_minmay, grunt_ministairs_15, uniq_robin
D:3:      dk_yredelemnul_ordeal

Skill      XL: |  1  2  3 |
---------------+----------+-----
Stealth        | 4 |  4.8
Dodging        | 5 |  5.1
Fighting       | |  2.4
Short Blades   | |  3.7

Action                   || total
-------------------------++-------
Melee: Short sword       ||   105
 Stab: Sleeping          ||    13
       Distracted        ||     1
Armor: Robe              ||    14
Dodge: Dodged            ||   126

Table legend:
 A = Spawn XP
 B = Non-spawn XP
 C = Spawn XP percentage of total XP
 D = Spawn monster count
 E = Non-spawn monster count
 F = Spawn count percentage of total count
 G = Total turns spent on level
                    A         B        C        D         E        F      G
               +---------+---------+-------+---------+---------+-------+---------
         Total |       0 |      67 |   0.0 |       0 |      29 |   0.0 |   578
               +---------+---------+-------+---------+---------+-------+---------
           D:1 |       0 |       6 |   0.0 |       0 |       3 |   0.0 |    81
           D:2 |       0 |      34 |   0.0 |       0 |      18 |   0.0 |   270
           D:3 |       0 |      27 |   0.0 |       0 |       8 |   0.0 |   227
               +---------+---------+-------+---------+---------+-------+---------
